 Dungeon Crawl Stone Soup version 0.21.0-24-g2553a33 (webtiles) character file.

444 tidbits the Covered (level 7, -1/56 HPs)
             Began as a Gnoll Wanderer on Jan 19, 2018.
             Slain by a hungry ghost (4 damage)
             ... on level 6 of the Dungeon.
             The game lasted 00:05:45 (586 turns).

tidbits the Covered (Gnoll Wanderer)                 Turns: 586, Time: 00:05:45

Health: -1/56      AC:  6    Str: 19    XL:     7   Next: 3%
Magic:  15/15      EV: 12    Int: 15    God:
Gold:   108        SH:  0    Dex: 15    Spells: 15/16 levels left

rFire    . . .     SeeInvis .   a - +2 dagger (flame)
rCold    . . .     Gourm    .   (no shield)
rNeg     . . .     Faith    .   d - +0 ring mail
rPois    .         Spirit   .   (no helmet)
rElec    .         Reflect  .   (no cloak)
rCorr    .         Harm     .   (no gloves)
MR       .....                  (no boots)
Stlth    ++........             (no amulet)
HPRegen  0.18/turn              n - +4 ring of strength
MPRegen  0.14/turn              (no ring)

@: fainting
A: distributed training, fangs 1, strong nose
a: no special abilities


You were on level 6 of the Dungeon.
You were fainting.

You visited 1 branch of the dungeon, and saw 6 of its levels.

You collected 108 gold pieces.

Inventory:

Hand Weapons
 a - a +2 dagger of flaming (weapon)
   (You found it on level 2 of the Dungeon)
 b - a +0 shortbow
 g - a +0 dagger
 h - a +0 war axe
Missiles
 c - 17 arrows
Armour
 d - a +0 ring mail (worn)
Jewellery
 n - a +4 ring of strength (left hand)
   (You found it on level 3 of the Dungeon)
Scrolls
 e - a scroll of identify
 j - a scroll of remove curse
 m - a scroll of teleportation {unknown}
 o - a scroll of amnesia {unknown}
Books
 i - a book of Minor Magic

   Spells                             Type                      Level
   a - Magic Dart                     Conjuration                  1
   b - Blink                          Translocation                2
   c - Call Imp                       Summoning                    2
   d - Slow                           Hexes                        2
   e - Conjure Flame                  Conjuration/Fire             3
   f - Mephitic Cloud                 Conjuration/Poison/Air       3
Comestibles
 f - a ration


   Skills:
 + Level 5.1 Fighting
 + Level 2.1 Short Blades
 + Level 2.1 Long Blades
 + Level 2.1 Axes
 + Level 2.1 Maces & Flails
 + Level 2.1 Polearms
 + Level 2.1 Staves
 + Level 2.1 Slings
 + Level 2.1 Bows
 + Level 2.1 Crossbows
 + Level 3.4 Throwing
 + Level 6.9 Armour
 + Level 2.1 Dodging
 + Level 3.2 Stealth
 + Level 2.1 Shields
 + Level 2.1 Unarmed Combat
 + Level 5.4 Spellcasting
 + Level 2.7 Conjurations
 + Level 1.7 Hexes
 + Level 1.7 Charms
 + Level 1.7 Summonings
 + Level 1.7 Necromancy
 + Level 1.7 Translocations
 + Level 1.7 Transmutations
 + Level 1.7 Fire Magic
 + Level 1.7 Ice Magic
 + Level 1.7 Air Magic
 + Level 1.7 Earth Magic
 + Level 1.7 Poison Magic
 + Level 2.4 Invocations
 + Level 2.1 Evocations


You had 15 spell levels left.
You knew the following spells:

 Your Spells              Type           Power        Failure   Level  Hunger
a - Magic Dart            Conj           ##..         8%          1    None


Dungeon Overview and Level Annotations

Branches:
Dungeon (6/15)
 Temple: D:4-7

Altars:
Fedhas
Nemelex Xobeh
Okawaru
The Shining One


Innate Abilities, Weirdness & Mutations

Your experience applies equally to all skills.
You have very sharp teeth.
Your uncanny sense of smell can sniff out nearby items.


Message History

The orc shouts!
The orc priest hits you with a short sword.
* * * LOW HITPOINT WARNING * * *
Found an amethyst potion.
Unknown command.
You hit the orc priest. You burn the orc priest.
The orc priest is lightly wounded.
The orc priest barely misses you.
You hit the orc priest. You burn the orc priest.
Your punch misses the orc priest.
The orc priest is heavily wounded.
You closely miss the orc priest.
The orc priest is heavily wounded.
The orc priest hits you with a short sword.
* * * LOW HITPOINT WARNING * * *
You puncture the orc priest! You burn the orc priest.
You kill the orc priest!
You have reached level 7!
It was a potion of cancellation.
Your magical effects are unravelling.
You feel magically purged.
You feel a little less mighty now.
You feel a little less agile now.
Found a chain mail.
You hit the orc. You burn the orc.
You kill the orc!
A hungry ghost comes into view.
A leopard gecko comes into view.
Found 13 gold pieces.
Casting: Magic Dart
Confirm with . or Enter, or press ? or * to list all spells.
Aiming: Magic Dart
Press: ? - help, Shift-Dir - straight line, f - orc
Aim: an orc The magic dart hits the orc.
The orc is heavily wounded.
The leopard gecko hisses angrily.
You barely miss the orc.
The orc is heavily wounded.
You hit the orc. You burn the orc.
You kill the orc!
You see here an orc corpse.
The hungry ghost hits you.
You feel a lot more hungry.
Things that are here:
a whip; an orc corpse
As you read the scroll labeled OSTEOMN NUREA, it crumbles to dust.
It is a scroll of identify.
j - a scroll of remove curse The hungry ghost barely misses you.
You see here 9 stones.
There is a stone staircase leading up here.
Found 13 gold pieces.
There is a stone staircase leading down here.
The hungry ghost hits you.
* * * LOW HITPOINT WARNING * * *
You are feeling hungry.
You climb downwards.
There is a stone staircase leading up here.
Unknown command.
You aren't carrying any potions.
Unknown command.
You miss the hungry ghost. Your punch misses the hungry ghost.
The hungry ghost misses you.
You closely miss the hungry ghost. You bite the hungry ghost.
The hungry ghost is lightly damaged.
The hungry ghost hits you.
You are feeling very hungry.
You miss the hungry ghost.
The hungry ghost is lightly damaged.
The hungry ghost hits you.
You are near starving!
You hit the hungry ghost. You burn the hungry ghost.
The hungry ghost is lightly damaged.
The hungry ghost hits you.
* * * LOW HITPOINT WARNING * * *
You feel somewhat more hungry.
You miss the hungry ghost.
The hungry ghost is lightly damaged.
You closely miss the hungry ghost.
The hungry ghost is lightly damaged.
The hungry ghost hits you.
* * * LOW HITPOINT WARNING * * *
You are starving!
You hit the hungry ghost but do no damage.
The hungry ghost is lightly damaged.
The hungry ghost hits you.
You feel somewhat more hungry.
You barely miss the hungry ghost. Your bite misses the hungry ghost.
The hungry ghost is lightly damaged.
The hungry ghost hits you.
* * * LOW HITPOINT WARNING * * *
You are fainting from starvation!
You barely miss the hungry ghost. Your bite misses the hungry ghost.
The hungry ghost is lightly damaged.
The hungry ghost misses you.
You miss the hungry ghost.
The hungry ghost is lightly damaged.
The hungry ghost barely misses you.
You barely miss the hungry ghost.
The hungry ghost is lightly damaged.
The hungry ghost hits you.
You die...

# ###.
#....###
#.W@#
###...#
###....
#.....
##... #.


You could see a hungry ghost.

Vanquished Creatures
  An ogre (D:4)
  A bullfrog (D:4)
  Blork the orc (D:5)
  A howler monkey (D:4)
  A hound (D:4)
  An orc priest (D:5)
  2 jellies
  An orc wizard (D:4)
  2 adders
  A worm (D:4)
  2 leopard geckos
  6 orcs
  A goblin (D:2)
  A hobgoblin (D:3)
  4 jackals (D:2)
  A quokka (D:4)
  2 ball pythons
  2 frilled lizards
  6 kobolds
  2 rats (D:2)
39 creatures vanquished.

Notes
Turn   | Place    | Note
-------+----------+-------------------------------------------
     0 | D:1      | tidbits the Gnoll Wanderer began the quest for the Orb.
     0 | D:1      | tidbits set off with: a book of Minor Magic, a +0 shortbow, 24 arrows, a +0 ring mail, a ration
     0 | D:1      | Reached XP level 1. HP: 20/20 MP: 6/6
     2 | D:1      | Learned a level 1 spell: Magic Dart
   138 | D:2      | Reached skill level 2 in Conjurations
   150 | D:2      | Reached XP level 2. HP: 23/26 MP: 1/7
   211 | D:2      | Reached XP level 3. HP: 31/31 MP: 3/9
   279 | D:3      | Reached skill level 5 in Spellcasting
   300 | D:4      | Noticed an ogre
   310 | D:4      | Killed an ogre
   310 | D:4      | Reached skill level 1 in Short Blades
   310 | D:4      | Reached skill level 1 in Long Blades
   310 | D:4      | Reached skill level 1 in Axes
   310 | D:4      | Reached skill level 1 in Maces & Flails
   310 | D:4      | Reached skill level 1 in Polearms
   310 | D:4      | Reached skill level 1 in Staves
   310 | D:4      | Reached skill level 1 in Slings
   310 | D:4      | Reached skill level 1 in Bows
   310 | D:4      | Reached skill level 1 in Crossbows
   310 | D:4      | Reached skill level 1 in Dodging
   310 | D:4      | Reached skill level 1 in Shields
   310 | D:4      | Reached skill level 1 in Unarmed Combat
   310 | D:4      | Reached skill level 1 in Hexes
   310 | D:4      | Reached skill level 1 in Charms
   310 | D:4      | Reached skill level 1 in Summonings
   310 | D:4      | Reached skill level 1 in Necromancy
   310 | D:4      | Reached skill level 1 in Translocations
   310 | D:4      | Reached skill level 1 in Transmutations
   310 | D:4      | Reached skill level 1 in Fire Magic
   310 | D:4      | Reached skill level 1 in Ice Magic
   310 | D:4      | Reached skill level 1 in Air Magic
   310 | D:4      | Reached skill level 1 in Earth Magic
   310 | D:4      | Reached skill level 1 in Poison Magic
   310 | D:4      | Reached skill level 1 in Invocations
   310 | D:4      | Reached skill level 1 in Evocations
   310 | D:4      | Reached XP level 4. HP: 29/38 MP: 4/11
   310 | D:4      | Reached XP level 5. HP: 33/43 MP: 4/12
   354 | D:4      | Found a sparkling altar of Nemelex Xobeh.
   373 | D:4      | Reached skill level 3 in Throwing
   391 | D:4      | Found a blossoming altar of Fedhas.
   391 | D:4      | Found a glowing golden altar of the Shining One.
   405 | D:4      | Reached skill level 3 in Stealth
   405 | D:4      | Reached skill level 2 in Invocations
   405 | D:4      | Reached XP level 6. HP: 20/50 MP: 2/14
   410 | D:3      | Found an iron altar of Okawaru.
   433 | D:5      | Entered Level 5 of the Dungeon
   433 | D:5      | Noticed Blork the orc
   499 | D:4      | Reached skill level 5 in Fighting
   524 | D:5      | Killed Blork the orc
   524 | D:5      | Reached skill level 2 in Short Blades
   524 | D:5      | Reached skill level 2 in Long Blades
   524 | D:5      | Reached skill level 2 in Axes
   524 | D:5      | Reached skill level 2 in Maces & Flails
   524 | D:5      | Reached skill level 2 in Polearms
   524 | D:5      | Reached skill level 2 in Staves
   524 | D:5      | Reached skill level 2 in Slings
   524 | D:5      | Reached skill level 2 in Bows
   524 | D:5      | Reached skill level 2 in Crossbows
   524 | D:5      | Reached skill level 2 in Dodging
   524 | D:5      | Reached skill level 2 in Shields
   524 | D:5      | Reached skill level 2 in Unarmed Combat
   524 | D:5      | Reached skill level 2 in Evocations
   540 | D:5      | HP: 3/51 [orc priest/short sword (6)]
   543 | D:5      | HP: 1/51 [orc priest/short sword (2)]
   544 | D:5      | Reached XP level 7. HP: 1/56 MP: 10/15
   552 | D:5      | Noticed a hungry ghost
   574 | D:5      | HP: 5/56 [hungry ghost (2)]
   579 | D:6      | HP: 4/56 [hungry ghost (1)]
   586 | D:6      | Slain by a hungry ghost

Skill      XL: |  1  2  3  4  5  6 |
---------------+-------------------+-----
Conjurations   | 2 |  2.7
Spellcasting   | 5 |  5.4
Short Blades   | 1 2 |  2.1
Long Blades    | 1 2 |  2.1
Axes           | 1 2 |  2.1
Maces & Flails | 1 2 |  2.1
Polearms       | 1 2 |  2.1
Staves         | 1 2 |  2.1
Slings         | 1 2 |  2.1
Bows           | 1 2 |  2.1
Crossbows      | 1 2 |  2.1
Dodging        | 1 2 |  2.1
Shields        | 1 2 |  2.1
Unarmed Combat | 1 2 |  2.1
Hexes          | 1 |  1.7
Charms         | 1 |  1.7
Summonings     | 1 |  1.7
Necromancy     | 1 |  1.7
Translocations | 1 |  1.7
Transmutations | 1 |  1.7
Fire Magic     | 1 |  1.7
Ice Magic      | 1 |  1.7
Air Magic      | 1 |  1.7
Earth Magic    | 1 |  1.7
Poison Magic   | 1 |  1.7
Invocations    | 1 2 |  2.4
Evocations     | 1 2 |  2.1
Throwing       | 3 |  3.4
Stealth        | 3 |  3.2
Fighting       | 5 |  5.1
Armour         | |  6.9

Action                   |  1- 3 |  4- 6 |  7- 9 || total
-------------------------+-------+-------+-------++-------
Melee: Dagger            |    46 |    40 |    14 ||   100
       Bite              |     4 |     4 |     1 ||     9
 Fire: Shortbow          |    13 |       |       ||    13
 Cast: Magic Dart        |    15 |    25 |     1 ||    41
  Use: Potion            |       |     4 |     1 ||     5
       Scroll            |       |       |     1 ||     1
Armor: Ring mail         |    19 |     5 |     4 ||    28
Dodge: Dodged            |    25 |     9 |     4 ||    38

Table legend:
 A = Turns spent in this place as a percentage of turns spent in the entire game.
 B = Non-inter-level travel turns spent in this place as a percentage of non-inter-level travel turns spent in the entire game.
 C = Inter-level travel turns spent in this place as a percentage of turns spent in this place.
 D = Turns resting spent in this place as a percentage of non-inter-level travel turns spent in this place.
 E = Turns spent auto-exploring this place as a percentage of non-inter-level travel turns spent in this place.
 F = Non-inter-level travel turns spent in this place divided by the number of levels of this place that you've seen.
                   A       B       C       D       E      F
               +-------+-------+-------+-------+-------+----------------------
         Total | 100.0 | 100.0 |   0.0 |   0.0 |   0.0 |  97.7
       Dungeon | 100.0 | 100.0 |   0.0 |   0.0 |   0.0 |  97.7
               +-------+-------+-------+-------+-------+----------------------

Table legend:
 A = Kills in this place as a percentage of kills in entire the game.
 B = Kills by you in this place as a percentage of kills by you in the entire game.
 C = Kills by friends in this place as a percentage of kills by friends in the entire game.
 D = Other kills in this place as a percentage of other kills in the entire game.
 E = Experience gained in this place as a percentage of experience gained in the entire game.
 F = Experience gained in this place divided by the number of levels of this place that you have seen.
                   A       B       C       D       E      F
               +-------+-------+-------+-------+-------+----------------------
         Total | 100.0 | 100.0 |   N/A |   N/A | 100.0 | 105.8
       Dungeon | 100.0 | 100.0 |   N/A |   N/A | 100.0 | 105.8
               +-------+-------+-------+-------+-------+----------------------

Vault maps used:
D:1:      minmay_arrival_stair_chambers
D:2:      uniq_robin
D:3:      nicolae_overflow_hidden_temple
D:4:      grunt_temple_overflow_open
D:5:      gammafunk_temple_overflow_pools, first_ration,
          minmay_misc_feat_ornament, uniq_blork_the_orc
D:6:      minmay_temple_entry_statues_fountains, minmay_misc_feat_tiny,
          uniq_grinder, uniq_pikel
